 Dungeon Crawl Stone Soup version 0.29.0 (webtiles) character file.

Game seed: 970584752784656480

637 Dorkslayer the Trooper (level 7, -9/62 HPs)
             Began as a Hill Orc Fighter on Aug 31, 2022.
             Was an Initiate of Gozag.
             Mangled by an orc warrior
             ... wielding a +0 scimitar
              (13 damage)
             ... on level 4 of the Dungeon.
             The game lasted 00:09:00 (3884 turns).

Dorkslayer the Trooper (Hill Orc Fighter)           Turns: 3884, Time: 00:09:00

Health: -9/62      AC: 10    Str: 21    XL:     7   Next: 50%
Magic:  7/7        EV:  8    Int: 12    God:    Gozag
Gold:   269        SH:  4    Dex: 10    Spells: 6/6 levels left

rFire   + . .      SeeInvis .   y - +11 spear "Baumidgh" {venom, rN+++ Int+4}
rCold   + . .      Faith    .   c - +0 buckler
rNeg    + + +      Spirit   .   A - +0 chain mail
rPois   .          Reflect  .   (no helmet)
rElec   .          Harm     .   (no cloak)
rCorr   .          Rampage  .   f - +0 pair of gloves
Will    .....                   (no boots)
Stlth   ..........              (no amulet)
HPRegen 0.20/turn               k - ring of protection from cold
MPRegen 0.10/turn               u - ring of protection from fire

@: gold aura, hasted, invisible (expiring), very quick
A: no striking features
a: Renounce Religion, Potion Petition, Call Merchant, Bribe Branch


You were on level 4 of the Dungeon.
You worshipped Gozag.
Gozag was aware of your devotion.
You visited 1 branch of the dungeon, and saw 4 of its levels.

You collected 302 gold pieces.
You paid 33 gold pieces to Gozag.

Inventory:

Hand Weapons
 a - a +0 war axe
 y - the +11 spear "Baumidgh" (weapon) {venom, rN+++ Int+4}
   (You found it on level 3 of the Dungeon)

   It poisons the flesh of those it strikes.
   Int:       It affects your intelligence (+4).
   rN:        It renders you almost immune to negative energy.
Missiles
 o - 3 throwing nets (quivered)
Armour
 c - a +0 buckler (worn)
 f - a +0 pair of gloves (worn)
 A - a +0 chain mail (worn)
Jewellery
 k - a ring of protection from cold (left hand)
 u - a ring of protection from fire (right hand)
 w - a ring of protection from fire
Scrolls
 g - a scroll of identify {unknown}
 h - a scroll of noise {unknown}
 l - a scroll of fear {unknown}
 p - a scroll of immolation {unknown}
 s - 2 scrolls of magic mapping {unknown}
 t - a scroll of amnesia {unknown}
 x - a scroll of enchant armour {unknown}
Potions
 e - a potion of attraction
 j - a potion of cancellation {unknown}
 m - a potion of flight {unknown}
 n - a potion of curing
 q - a potion of brilliance {unknown}
 v - a potion of mutation {unknown}
 z - a potion of magic {unknown}


   Skills:
 * Level 5.9 Fighting
 + Level 5.5(5.9) Axes
 + Level 2.2(3.7) Polearms
 + Level 4.8 Armour
 * Level 2.2 Dodging
 + Level 0.6 Stealth
 + Level 4.0 Shields


You had 6 spell levels left.
You didn't know any spells.
Your spell library contained the following spells:

 Spells                   Type           Power      Damage    Failure   Level
 Frozen Ramparts          Ice            0%         1d1       100%        3
 Inner Flame              Hex/Fire       0%         N/A       100%        3
 Cause Fear               Hex            0%         N/A       100%        4
 Ice Form                 Ice/Tmut       0%         N/A       100%        4
 Summon Ice Beast         Ice/Summ       0%         N/A       100%        4
 Discord                  Hex            0%         N/A       100%        8


Dungeon Overview and Level Annotations

Branches:
Dungeon (4/15)
 Temple: D:4-7

Altars:
Cheibriados
Gozag
Nemelex Xobeh
Qazlal
Sif Muna
Xom
The Shining One

Shops:
D:1 ?   D:2 :=


Message History

MemoryOf3nth's ghost is heavily damaged.
MemoryOf3nth's ghost hits you.
* * * LOW HITPOINT WARNING * * *
You hit MemoryOf3nth's ghost.
MemoryOf3nth's ghost is heavily damaged.
MemoryOf3nth's ghost barely misses you.
You catch the helpless MemoryOf3nth's ghost completely off-guard!
You puncture MemoryOf3nth's ghost!
MemoryOf3nth's ghost is severely damaged.
You hit MemoryOf3nth's ghost.
MemoryOf3nth's ghost is almost destroyed.
MemoryOf3nth's ghost hits you but does no damage.
You hit MemoryOf3nth's ghost.
MemoryOf3nth's ghost is almost destroyed.
You block MemoryOf3nth's ghost's attack.
You catch the helpless MemoryOf3nth's ghost completely off-guard!
You hit MemoryOf3nth's ghost.
MemoryOf3nth's ghost is almost destroyed.
You hit MemoryOf3nth's ghost.
MemoryOf3nth's ghost is almost destroyed.
You hit MemoryOf3nth's ghost but do no damage.
MemoryOf3nth's ghost is almost destroyed.
MemoryOf3nth's ghost hits you but does no damage.
You hit MemoryOf3nth's ghost.
You destroy MemoryOf3nth's ghost!
Your base Polearms skill increases to level 2!
Your Dodging skill increases to level 2!
You hit the orc warrior.
The orc warrior is poisoned.
The orc warrior is lightly wounded.
You hit the orc warrior.
The orc warrior looks as sick as possible!
The orc warrior is moderately wounded.
The orc warrior hits you with a +0 scimitar!
* * * LOW HITPOINT WARNING * * *
You closely miss the orc warrior.
The orc warrior is heavily wounded.
You flicker for a moment.
The orc warrior hits you with a +0 scimitar!
You die...
Your body crumbles into a pile of gold.

#### #.. #.# #@#.. #o#.#
#.#.. #.#.### ##+####
#$#...
########.....###.#.#######
<.........................
.......................#
........#'..###'''###..#


You could see an orc warrior (unable to see you, extremely poisoned).

Vanquished Creatures
  The ghost of MemoryOf3nth the Shield-Bearer, an amateur DjFi (D:4)
  Duvessa (D:4)
  Dowan (D:4)
  4 orc priests
  A jelly (D:4)
  An orc wizard (D:4)
  4 adders (D:4)
  A worm (D:3)
  2 dart slugs (D:1)
  4 orcs
  8 endoplasms
  A giant cockroach (D:3)
  9 goblins
  7 hobgoblins
  15 jackals
  5 kobolds
  A quokka (D:4)
  7 ball pythons
  4 bats
  4 frilled lizards (D:1)
  14 rats
95 creatures vanquished.

Notes
Turn   | Place    | Note
-------+----------+-------------------------------------------
     0 | D:1      | Dorkslayer the Hill Orc Fighter began the quest for the
                  | Orb.
     0 | D:1      | Reached XP level 1. HP: 19/19 MP: 1/1
   158 | D:1      | Reached XP level 2. HP: 23/27 MP: 2/2
   475 | D:1      | Found Plog's Magic Scroll Shoppe.
   569 | D:1      | Reached XP level 3. HP: 15/33 MP: 3/3
  1342 | D:2      | Found a faded altar of an unknown god.
  1430 | D:2      | Found Zevaged's Jewellery Shoppe.
  1749 | D:2      | Found Ajoheythem's Vocational Training.
  2331 | D:3      | Reached XP level 4. HP: 37/40 MP: 4/4
  2663 | D:3      | Found a shimmering altar of Xom.
  2665 | D:3      | Found a glowing golden altar of the Shining One.
  2717 | D:3      | Reached skill level 1 in Dodging
  2718 | D:3      | Reached XP level 5. HP: 38/47 MP: 5/5
  2760 | D:3      | Found an opulent altar of Gozag.
  2767 | D:3      | Found a stormy altar of Qazlal.
  2769 | D:3      | Became a worshipper of Gozag Ym Sagoz the Greedy
  2772 | D:3      | Found a shimmering blue altar of Sif Muna.
  2773 | D:3      | Found a sparkling altar of Nemelex Xobeh.
  2779 | D:3      | Found a snail-covered altar of Cheibriados.
  3027 | D:3      | Identified the +11 spear "Baumidgh" {venom, rN+++ Int+4}
  3304 | D:4      | Reached skill level 5 in Fighting
  3477 | D:4      | Reached skill level 5 in Axes
  3477 | D:4      | Reached XP level 6. HP: 27/56 MP: 6/6
  3478 | D:4      | Noticed Dowan
  3481 | D:4      | Noticed Duvessa
  3509 | D:4      | Killed Duvessa
  3510 | D:4      | Reached skill level 1 in Polearms
  3515 | D:4      | Killed Dowan
  3516 | D:4      | Reached XP level 7. HP: 4/62 MP: 7/7
  3835 | D:4      | Noticed MemoryOf3nth's ghost (amateur DjFi)
  3837 | D:4      | Found a runed translucent gate.
  3837 | D:4      | Found a runed translucent gate.
  3837 | D:4      | Found a runed translucent gate.
  3881 | D:4      | Killed MemoryOf3nth's ghost
  3883 | D:4      | HP: 3/62 [orc warrior/+0 scimitar (12)]
  3884 | D:4      | Mangled by an orc warrior

Illustrated notes

Levels and vault maps discovered:
D:1:      erik_arrival_cave_to_civilisation [erik_arrival_cave_to_hall],
          layout_basic, serial_shops, nicolae_shop_waterfront,
          minmay_heptomino_w4
D:2:      layout_basic, dreamdust_ecumenical_altar_angels_and_demons,
          serial_shops, nicolae_lakefront_shop, st_stairs_9,
          nicolae_shop_vocational
D:3:      layout_basic, nicolae_overflow_hallway_of_the_gods,
          chequers_temple_overflow_statue_of_worship
D:4:      layout_basic, gammafunk_ghost_split, uniq_duvessa

Skill      XL: |  1  2  3  4  5  6  7 |
---------------+----------------------+-----
Fighting       | 4 5 |  5.9
Axes           | 3 4 5 |  5.5
Dodging        | 1 2 |  2.2
Armour         | 4 |  4.8
Polearms       | 1 2 |  2.2
Shields        | 4 |  4.0
Stealth        | |  0.6

Action                   |  1- 3 |  4- 6 |  7- 9 || total
-------------------------+-------+-------+-------++-------
Melee: War axe           |   106 |    46 |       ||   152
       Spear             |       |    42 |    27 ||    69
  Use: Potion            |       |     5 |     2 ||     7
 Stab: Distracted        |     1 |       |       ||     1
       Invisible         |       |       |     2 ||     2
Armor: Scale mail        |    55 |    23 |       ||    78
       Chain mail        |       |     5 |     6 ||    11
Dodge: Dodged            |    66 |    33 |     5 ||   104
Block: Buckler           |    28 |    12 |     6 ||    46
